AoeStats
← FJL

Arabian Desert

510128392Analyzed
1v1 RM · 3d ago on Sep 29, 2026· 37m 58s· 2 players
Game mode
Random Map
Map size
Tiny (2 player)
Population
200
Speed
Normal
Resources
Standard
Victory
Conquest
Starting age
Dark Age
Ending age
Imperial Age
RankedLock teamsTeams togetherTeam positionsShared explorationLock speedFull tech treeHidden civsTurbo modeCheats
Victory
Defeat
🇦🇷 Goths · Argentina
1812
+18
🇧🇷 Inca · Brazil
1865
-18
FJL
7:01 Loom
9:23 Feudal Age
9:26 Man-at-Arms
10:23 Double-Bit Axe
12:20 Fletching
16:15 Padded Archer Armor
18:41 Wheelbarrow
22:01 Castle Age
21:49 Gold Mining
22:05 Crossbowman
22:44 Bodkin Arrow
26:10 Bow Saw
25:41 Horse Collar
27:36 Leather Archer Armor
28:50 Ballistics
31:08 Heavy Plow
31:31 Scale Mail Armor
31:42 Forging
32:09 Squires
32:43 Anarchy
35:37 Stone Mining
35:15 Long Swordsman
Voxer El Brazilian
7:05 Loom
9:16 Feudal Age
10:05 Champi Runner
15:34 Fletching
15:45 Padded Archer Armor
17:30 Double-Bit Axe
18:24 Scale Mail Armor
23:17 Castle Age
21:52 Forging
23:17 Padded Archer Armor
23:19 Champi Warrior
24:22 Squires
26:15 Chain Mail Armor
31:29 Horse Collar
34:25 Bow Saw
36:13 Iron Casting
Connection lost

Rejoining the realm…

Still unreachable

The connection could not be restored.

Session expired

The server has moved on; the page needs a fresh start.